 Dungeon Crawl Stone Soup version 0.29.1-12-g30fa7ad0bf (webtiles) character file.

Game seed: 8414552441216116660

247 FexLirch the Digger (level 6, 0/42 (45) HPs)
             Began as a Meteoran Earth Elementalist on Jan 5, 2023.
             Slain by a gnoll
             ... wielding a +0 vorpal spear
              (2 damage)
             ... on level 4 of the Dungeon.
             The game lasted 00:05:36 (741 turns).

FexLirch the Digger (Meteoran Earth Elementalist)    Turns: 741, Time: 00:05:36

HP:   0/42 (45)     AC:  2    Str:  9    XL:     6   Next: 60%
MP:   11/14         EV: 12    Int: 18    God:
Gold: 95            SH:  0    Dex: 16    Spells: 8/14 levels left

rFire   . . .      SeeInvis .   (no weapon)
rCold   . . .      Faith    .   (no shield)
rNeg    . . .      Spirit   .   a - +0 robe
rPois   .          Reflect  .   (no helmet)
rElec   .          Harm     .   (no cloak)
rCorr   .          Rampage  .   (no gloves)
Will    .....                   (no boots)
Stlth   +.........              (no amulet)
HPRegen 0.14/turn               c - +4 ring of slaying
MPRegen 0.14/turn               (no ring)

@: glowing, drained
A: sense surroundings 1, otherworldly, glowing, explore regen
a: no special abilities


You were on level 4 of the Dungeon.
You visited 1 branch of the dungeon, and saw 4 of its levels.

You collected 95 gold pieces.

Inventory:

Hand Weapons
 r - a +0 scythe of protection
Missiles
 k - 4 javelins
Armour
 a - a +0 robe (worn)
Jewellery
 c - a +4 ring of slaying (left hand)
Wands
 h - a wand of flame (21)
 q - a wand of roots (3)
Scrolls
 d - 2 scrolls of blinking {unknown}
 e - a scroll of immolation {unknown}
 f - a scroll of teleportation {unknown}
 g - a scroll of silence {unknown}
 j - a scroll of noise {unknown}
 l - a scroll of identify {unknown}
Potions
 b - a potion of magic
 i - 2 potions of heal wounds {unknown}
 m - a potion of attraction {unknown}
 n - 2 potions of curing {unknown}
 o - a potion of might {unknown}
 p - a potion of lignification {unknown}


   Skills:
 - Level 2.4 Dodging
 - Level 1.4 Stealth
 + Level 4.8 Spellcasting
 + Level 3.8 Conjurations
 - Level 1.2 Transmutations
 + Level 5.4 Earth Magic


You had 8 spell levels left.
You knew the following spells:

 Your Spells              Type           Power      Damage    Failure   Level
a - Sandblast             Erth           48%        2d12      1%          1
b - Passwall              Tmut/Erth      13%        N/A       5%          2
c - Stone Arrow           Conj/Erth      42%        3d9       6%          3

Your spell library contained the following spells:

 Spells                   Type           Power      Damage    Failure   Level
 Petrify                  Tmut/Erth      16%        N/A       34%         4
 Confusing Touch          Hex            4%         N/A       38%         3
 Yara's Violent Unravell  Hex/Tmut       3%         3d4       96%         5
 Enfeeble                 Hex            2%         N/A       100%        7


Dungeon Overview and Level Annotations

Branches:
Dungeon (4/15) Zot: 1633
 Temple: D:4-7

Altars:
Hepliaklqana


Innate Abilities, Weirdness & Mutations

You passively map a small area around you.
You are easily found by Zot.
You glow in the dark.
You regain HP and MP as you explore.


Message History

There is a stone staircase leading down here.
Unknown command.
n - 2 metallic yellow potions (gained 1)
You open the door. 4 gnolls come into view.
A gnoll is wielding a +2 flail of draining.
A gnoll is wielding a +0 vorpal spear.
The gnoll shouts! x3; You hear a shout!
Found 7 gold pieces.
Casting: Sandblast (safe; 1% risk of failure)
Confirm with . or Enter, or press ? or * to list all spells.
Aiming: Sandblast (safe; 1% risk of failure)
Press: ? - help, Shift-Dir - straight line, f - gnoll
Aim: a gnoll, wielding a +2 flail of draining (85% to hit)
The blast of sand hits the gnoll!
The gnoll is heavily wounded.
The gnoll hits you from afar with a +0 vorpal spear!
The gnoll hits you with a +2 flail of draining!
You feel drained. The gnoll completely misses you.
The gnoll hits you but does no damage.
An ufetubus comes into view.
Casting: Sandblast (safe; 1% risk of failure)
Confirm with . or Enter, or press ? or * to list all spells.
Aiming: Sandblast (safe; 1% risk of failure)
Press: ? - help, Shift-Dir - straight line, f/p - gnoll
Aim: a gnoll, wielding a +2 flail of draining (heavily wounded, 85% to hit)
The blast of sand misses the gnoll.
The gnoll hits you with a +2 flail of draining!
You feel drained.
Casting: Sandblast (safe; 1% risk of failure)
Confirm with . or Enter, or press ? or * to list all spells.
Aiming: Sandblast (safe; 1% risk of failure)
Press: ? - help, Shift-Dir - straight line, f/p - gnoll
Aim: a gnoll, wielding a +2 flail of draining (heavily wounded, 85% to hit)
The blast of sand misses the gnoll.
The gnoll hits you from afar with a +0 vorpal spear!
* * * LOW HITPOINT WARNING * * *
x2 The gnoll closely misses you.
The gnoll hits you from afar with a +0 vorpal spear!
* * * LOW HITPOINT WARNING * * *
You die... ..........# , , +.........+ * ......... ** , ....... * , ...$. * * 5gg

*#g#* *
#.#####.# , *
#@g....# *
####.#####.#
,* ,
#.......# ,*
#.......# *
##.......# ,
,.........>.#
, , *
####......<#
, #.......# *
* #.......#


You could see 4 gnolls and an ufetubus.

Vanquished Creatures
  Sigmund (D:4)
  Robin (D:3)
  An adder (D:3)
  2 shadow imps (D:4)
  An ufetubus (D:4)
  3 dart slugs
  An orc (D:3)
  A giant cockroach (D:3)
  14 goblins (D:3)
  4 hobgoblins (D:3)
  3 jackals (D:3)
  A quokka (D:4)
  A ball python (D:3)
  3 frilled lizards
  A kobold (D:4)
  A rat (D:1)
39 creatures vanquished.

Notes
Turn   | Place    | Note
-------+----------+-------------------------------------------
     0 | D:1      | FexLirch the Meteoran Earth Elementalist began the quest
                  | for the Orb.
     0 | D:1      | Reached XP level 1. HP: 14/14 MP: 5/5
    65 | D:1      | Reached XP level 2. HP: 8/20 MP: 2/6
    84 | D:1      | Learned a level 2 spell: Passwall
   111 | D:1      | Reached skill level 1 in Conjurations
   178 | D:3      | Reached skill level 4 in Earth Magic
   178 | D:3      | Reached XP level 3. HP: 24/26 MP: 6/8
   182 | D:3      | Learned a level 3 spell: Stone Arrow
   406 | D:3      | Noticed Robin
   417 | D:3      | Reached XP level 4. HP: 26/33 MP: 1/10
   427 | D:3      | Killed Robin
   562 | D:4      | Found a hazy altar of Hepliaklqana.
   660 | D:4      | Noticed Sigmund
   670 | D:4      | Killed Sigmund
   671 | D:4      | Reached skill level 5 in Earth Magic
   671 | D:4      | Reached XP level 5. HP: 13/38 MP: 1/13
   671 | D:4      | Reached XP level 6. HP: 16/45 MP: 1/14
   741 | D:4      | HP: 2/42 [gnoll/+0 vorpal spear (9)]
   741 | D:4      | Slain by a gnoll

Illustrated notes

Levels and vault maps discovered:
D:1:      dpeg_arrival_refuge, layout_basic, chequers_ecumenical_altar_grove
D:2:      layout_basic, uniq_natasha
D:3:      kennysheep_goblin_castle, layout_loops_corners,
          mainiacjoe_overflow_alcove_4
D:4:      cheibrodos_quashed, layout_loops_corners,
          mainiacjoe_overflow_small_starburst, serial_demonic, serial_demonic_d,
          serial_demonic_a, serial_demonic_e, serial_demonic_d,
          nicolae_ossuary_entry_catacombs, uniq_edmund, uniq_sigmund

Skill      XL: |  1  2  3  4 |
---------------+-------------+-----
Spellcasting   | 3 4 |  4.8
Conjurations   | 1 2 3 |  3.8
Earth Magic    | 4 5 |  5.4
Dodging        | |  2.4
Stealth        | |  1.4
Transmutations | |  1.2

Action                   |  1- 3 |  4- 6 || total
-------------------------+-------+-------++-------
Melee: Unarmed           |     1 |     1 ||     2
 Cast: Sandblast         |    31 |    22 ||    53
       Passwall          |     1 |       ||     1
       Stone Arrow       |       |     2 ||     2
Evoke: Wand              |       |     3 ||     3
Armor: Robe              |     2 |     5 ||     7
Dodge: Dodged            |    14 |    10 ||    24
